 Dungeon Crawl Stone Soup version 0.24.0-13-gcf9b319 (webtiles) character file.

Game seed: 775107391956564495, levelgen mode: deterministic

576 Fang the Skirmisher (level 7, -2/44 HPs)
             Began as a Gargoyle Fighter on Jan 3, 2020.
             Slain by Prince Ribbit (5 damage)
             ... on level 4 of the Dungeon.
             The game lasted 00:05:21 (4198 turns).

Fang the Skirmisher (Gargoyle Fighter)              Turns: 4198, Time: 00:05:21

Health: -2/44      AC: 12    Str: 22    XL:     7   Next: 35%
Magic:  0/7        EV:  7    Int:  8    God:
Gold:   108        SH: 11    Dex:  9    Spells: 6/6 levels left

rFire    . . .     SeeInvis .   a - +1 war axe
rCold    . . .     Gourm    .   B - +1 shield
rNeg     + . .     Faith    .   b - +0 scale mail
rPois    ∞         Spirit   +   (no helmet)
rElec    +         Reflect  .   j - scarf {Spirit}
rCorr    .         Harm     .   (no gloves)
MR       +....                  (no boots)
Stlth    ..........             (no amulet)
HPRegen  0.14/turn              q - ring of protection from magic
MPRegen  0.10/turn              (no ring)

@: no status effects
A: negative energy resistance 1, electricity resistance, unbreathing,
petrification resistance, rot immunity, AC +4
a: no special abilities


You were on level 4 of the Dungeon.
You were not hungry.

You visited 1 branch of the dungeon, and saw 5 of its levels.

You collected 108 gold pieces.

Inventory:

Hand Weapons
 a - a +1 war axe (weapon)
Armour
 b - a +0 scale mail (worn)
 j - a scarf of spirit shield (worn)
 B - a +1 shield (worn)
Jewellery
 q - a ring of protection from magic (left hand)
Wands
 g - a wand of acid (9)
Scrolls
 d - a scroll of amnesia
 e - 3 scrolls of remove curse
 f - a scroll of blinking
 h - a scroll of teleportation
 p - 2 scrolls of enchant armour
Potions
 i - a potion of flight
 l - a potion of brilliance {unknown}
 r - a potion of heal wounds
Comestibles
 c - 9 rations


   Skills:
 + Level 5.3 Fighting
 + Level 3.8 Axes
 + Level 5.2 Armour
 + Level 5.3 Shields


You had 6 spell levels left.
You didn't know any spells.
Your spell library was empty.

Dungeon Overview and Level Annotations

Branches:
Dungeon (5/15)
 Temple: D:4-7

Altars:
Fedhas

Annotations:
D:4 1 runed translucent door, Phoenix1's ghost, amateur HOCK; Prince Ribbit


Innate Abilities, Weirdness & Mutations

You are resistant to torment.
Your stone body is resilient. (AC +4)
You are immune to poison.
You resist negative energy. (rN+)
You are resistant to electric shocks. (rElec)
You can survive without breathing.
You are immune to petrification.
You are immune to rotting.


Message History

You closely miss Prince Ribbit.
Prince Ribbit hits you but does no damage.
You block Prince Ribbit's attack.
You feel better. Prince Ribbit hits you!
* * * LOW HITPOINT WARNING * * *
You block Prince Ribbit's attack. You block Prince Ribbit's attack.
Prince Ribbit hits you but does no damage.
There is a stone staircase leading down here.
You block Prince Ribbit's attack.
Prince Ribbit blinks!
There is a stone staircase leading down here.
You hit Prince Ribbit.
Prince Ribbit is lightly wounded.
Prince Ribbit hits you but does no damage.
You hit Prince Ribbit.
Prince Ribbit is lightly wounded.
Prince Ribbit hits you but does no damage.
Prince Ribbit hits you.
You die...

########.##...............'
#.##.###############
#.##.#..............
#.##.########.)#####
#.##.#.........# #
#.##.#.#######.# #
#.##.#.........#####
######......#########...#
#......F@...........'....
#.########..#########....
#.##.....#..# #....
###'##.###.#..# #....
#....#.###.#..# ##'##
#<...'...#.#..# #####'##
#....###+#'#.(######.......
#.................##.......
#.................##.......


You could see Prince Ribbit.

Vanquished Creatures
  An ice beast (D:3)
  3 wights (D:3)
  A howler monkey (D:4)
  An orc wizard (D:3)
  Jessica (D:3)
  2 worker ants (D:4)
  Ijyb (D:3)
  Natasha (thrice) (D:2)
  3 gnolls (D:4)
  2 adders (D:2)
  An ooze (D:4)
  An adder skeleton (D:4)
  A worm (D:5)
  2 dart slugs (D:1)
  3 leopard geckos
  4 orcs (D:3)
  7 bats
  A giant cockroach (D:3)
  3 goblins
  6 hobgoblins
  4 jackals (D:3)
  4 kobolds
  A quokka (D:4)
  A frilled lizard (D:3)
  9 rats
66 creatures vanquished.

Notes
Turn   | Place    | Note
-------+----------+-------------------------------------------
     0 | D:1      | Fang the Gargoyle Fighter began the quest for the Orb.
     0 | D:1      | Reached XP level 1. HP: 14/14 MP: 1/1
     6 | D:1      | Noticed an iguana
     6 | D:1      | Noticed a black mamba
     6 | D:1      | Noticed a swamp drake
     7 | D:1      | Noticed a lindwurm
     7 | D:1      | Noticed a hound
   124 | D:1      | Reached XP level 2. HP: 19/19 MP: 2/2
   788 | D:2      | Noticed Natasha
   798 | D:2      | Noticed a crimson imp
   802 | D:2      | Killed Natasha
   802 | D:2      | Reached XP level 3. HP: 15/24 MP: 3/3
   874 | D:2      | Reached XP level 4. HP: 16/29 MP: 2/4
  1344 | D:2      | Noticed Natasha
  1357 | D:2      | HP: 1/29 [Natasha/magic dart (6)]
  1358 | D:2      | Killed Natasha
  1552 | D:2      | Noticed Natasha
  1561 | D:2      | Killed Natasha
  1561 | D:2      | Reached XP level 5. HP: 13/33 MP: 3/5
  1976 | D:3      | Noticed Jessica
  1997 | D:3      | Killed Jessica
  2005 | D:3      | Reached XP level 6. HP: 8/39 MP: 2/6
  2300 | D:3      | Noticed an ice beast
  2308 | D:3      | Killed an ice beast
  2308 | D:3      | Reached skill level 5 in Fighting
  2308 | D:3      | Reached skill level 5 in Shields
  2492 | D:3      | Found a blossoming altar of Fedhas.
  2770 | D:4      | Noticed Ijyb
  2850 | D:3      | Killed Ijyb
  2850 | D:3      | Reached skill level 5 in Armour
  2850 | D:3      | Reached XP level 7. HP: 21/44 MP: 5/7
  2994 | D:4      | Found a runed translucent door.
  3005 | D:4      | Noticed Phoenix1's ghost (amateur HOCK)
  3857 | D:5      | Entered Level 5 of the Dungeon
  3883 | D:5      | Noticed Prince Ribbit
  4192 | D:4      | HP: 2/44 [Prince Ribbit (10)]
  4198 | D:4      | Slain by Prince Ribbit

Levels and vault maps discovered:
D:1:      onia_arrival_zoo_common, layout_basic, hangedman_decor_slide_cut,
          hex_large
D:2:      layout_basic, corexii_item_surrounded_by_moat, uniq_natasha
D:3:      layout_rooms, first_ration, fedhas_altar_fruit_tree, uniq_jessica
D:4:      layout_basic, ebering_ghost_sewer_d, uniq_ijyb
D:5:      layout_loops_ring, minmay_temple_entry_fiery, basic_altar,
          minivault_27, uniq_prince_ribbit1, uniq_menkaure

Skill      XL: |  1  2  3  4  5  6 |
---------------+-------------------+-----
Axes           | 2 3 |  3.8
Fighting       | 4 5 |  5.3
Armour         | 4 5 |  5.2
Shields        | 4 5 |  5.3

Action                   |  1- 3 |  4- 6 |  7- 9 || total
-------------------------+-------+-------+-------++-------
Melee: War axe           |    65 |   150 |    54 ||   269
  Use: Potion            |       |     1 |     1 ||     2
       Scroll            |       |    11 |     5 ||    16
  Eat: Chunk             |       |     6 |     5 ||    11
Armor: Scale mail        |    35 |   106 |    28 ||   169
Dodge: Dodged            |    24 |    73 |    17 ||   114
Block: Shield            |    31 |   104 |    41 ||   176
